 Dungeon Crawl Stone Soup version 0.31-a0-210-gccc998df9b (webtiles) character file.

Game seed: 11375853603513453133

1 Angani the Grave Robber (level 1, 0/13 HPs)
             Began as a Human Wanderer on June 29, 2023.
             Frozen to death by an endoplasm (5 damage)
             ... on level 1 of the Dungeon.
             The game lasted 00:00:17 (49 turns).

Angani the Grave Robber (Human Wanderer)              Turns: 49, Time: 00:00:18

Health: 0/13       AC:  4    Str: 14    XL:     1   Next: 22%
Magic:  3/3        EV: 16    Int:  8    God:
Gold:   0          SH:  0    Dex: 14    Spells: 3/4 levels left

rFire   . . .        a - +0 hand axe
rCold   . . .        (no shield)
rNeg    . . .        d - +0 leather armour
rPois   .            (no helmet)
rElec   .            (no cloak)
rCorr   .            b - +0 pair of gloves
SInv    .            (no boots)
Will    .....        (no amulet)
Stlth   +            f - +5 ring of evasion
HPRegen 0.22/turn    (no ring)
MPRegen 0.08/turn

%: no passive effects
@: no status effects
A: no striking features
a: no special abilities


You were on level 1 of the Dungeon.
You visited 1 branch of the dungeon, and saw 1 of its levels.

Inventory:

Hand Weapons
 a - a +0 hand axe (weapon)
Armour
 b - a +0 pair of gloves (worn)
 d - a +0 leather armour (worn)
Jewellery
 f - a +5 ring of evasion (left hand)
Scrolls
 e - a scroll of teleportation {unknown}
Potions
 c - a potion of attraction


   Skills:
 + Level 0.1 Fighting
 + Level 2.0 Axes
 + Level 1.0 Armour
 + Level 1.0 Dodging
 - Level 2.0 Spellcasting
 - Level 4.0 Necromancy


You had 3 spell levels left.
You knew the following spells:

 Your Spells              Type           Power      Damage    Failure   Level
a - Necrotise             Necr           28%        1d5       9%          1

Your spell library contained the following spells:

 Spells                   Type           Power      Damage    Failure   Level
 Sublimation of Blood     Necr           7%         N/A       13%         2
 Vampiric Draining        Necr           7%         2d6       26%         3


Dungeon Overview and Level Annotations

Branches:
Dungeon (1/15)

Altars:


Message History

Welcome, Angani the Human Wanderer.
The heart of this dungeon contains the transcendent artefact, the Orb of Zot.
Press ? for a list of commands and other information.
Found a scroll labelled VINLUV PARAIGA.
Found a staircase leading out of the dungeon.
You begin with the following items: a +0 hand axe, a +0 pair of gloves, a potion of attraction, a +0 leather armour; and the following spell memorised: Necrotise; and the following spells available to memorise: Sublimation of Blood, Vampiric Draining.
e - a scroll labelled VINLUV PARAIGA
f - a +5 ring of evasion An endoplasm and a hobgoblin come into view.
The endoplasm quivers.
The hobgoblin shouts!
You see here 4 gold pieces.
f - a +5 ring of evasion (left hand)
You hit the hobgoblin.
The hobgoblin is moderately wounded.
The hobgoblin hits you but does no damage.
You closely miss the hobgoblin.
The hobgoblin is moderately wounded.
You hit the endoplasm. The hobgoblin completely misses you.
The endoplasm freezes you.
You are frozen.
You barely miss the endoplasm.
The endoplasm is heavily wounded.
You hit the hobgoblin. The hobgoblin barely misses you. The endoplasm hits you.
The hobgoblin misses you. The endoplasm closely misses you.
You hit the hobgoblin.
You kill the hobgoblin!
You hit the endoplasm. The endoplasm freezes you.
You are frozen.
You are too injured to fight recklessly!
You are too injured to fight recklessly!
You are too injured to fight recklessly!
You are too injured to fight recklessly!
You hit the endoplasm.
The endoplasm is almost dead.
The endoplasm freezes you.
You are frozen.
You die...

#.##.# #.##.# .#
#.##.# .# #.##.#
.### #.##.# ...
#.##.# ..#
#.##.# ..#
#.##.####J$####.
#.......@.......
###...###..#####
.....#... .....
#.##...#########
# ##... #####


You could see an endoplasm.

Vanquished Creatures
  A hobgoblin (D:1)
1 creature vanquished.

Notes
Turn   | Place    | Note
-------+----------+-------------------------------------------
     0 | D:1      | Angani the Human Wanderer began the quest for the Orb.
     0 | D:1      | Angani set off with the following items: a +0 hand axe, a
                  | +0 pair of gloves, a potion of attraction, a +0 leather
                  | armour; and the following spell memorised: Necrotise; and
                  | the following spells available to memorise: Sublimation of
                  | Blood, Vampiric Draining.
     0 | D:1      | Reached XP level 1. HP: 13/13 MP: 3/3
    49 | D:1      | Frozen to death by an endoplasm

Illustrated notes

Levels and vault maps discovered:
D:1:      eino_arrival_cavern_e, layout_loops_ring, lemuel_flame_loot_1

Action                     || total
---------------------------++-------
  Melee: Hand axe          ||     5
 Armour: Leather armour    ||     1
  Dodge: Dodged            ||     4

Table legend: (Time is in decaauts)
 A = Elapsed time spent in this place.
 B = Non-inter-level travel time spent in this place.
 C = Inter-level travel time spent in this place.
 D = Time resting spent in this place.
 E = Time spent auto-exploring this place.
 F = Levels seen in this place.
 G = Mean time per level.
                   A        B        C        D        E       F      G
               +--------+--------+--------+--------+--------+-----+--------+
         Total |     49 |     49 |      0 |      0 |     41 |   1 |   49.0 |
       Dungeon |     49 |     49 |      0 |      0 |     41 |   1 |   49.0 |
               +--------+--------+--------+--------+--------+-----+--------+

Top non-repeatable levels by time:
     D:1: 49 daAuts
